 Dungeon Crawl Stone Soup version 0.23.2-33-g5129a83184 (webtiles) character file.

Game seed: 10606974626203904536

134 Derp the Slasher (level 4, -2/34 HPs)
             Began as a Demonspawn Gladiator on July 23, 2019.
             Slain by Sigmund
             ... wielding a +0 scythe
              (6 damage)
             ... on level 3 of the Dungeon.
             The game lasted 00:04:01 (2004 turns).

Derp the Slasher (Demonspawn Gladiator)             Turns: 2004, Time: 00:04:02

Health: -2/34      AC:  5    Str: 14    XL:     4   Next: 95%
Magic:  4/4        EV: 13    Int: 10    God:
Gold:   74         SH:  0    Dex: 15    Spells: 3/3 levels left

rFire    + . .     SeeInvis .   s - +2 short sword (elec)
rCold    . . .     Gourm    .   (no shield)
rNeg     . . .     Faith    .   b - +0 leather armour
rPois    +         Spirit   .   h - +2 hat
rElec    .         Reflect  .   (no cloak)
rCorr    .         Harm     .   (no gloves)
MR       .....                  (no boots)
Stlth    +.........             (no amulet)
HPRegen  0.11/turn              w - ring of poison resistance
MPRegen  0.09/turn              (no ring)

@: no status effects
A: hooves 1, fire resistance 1
a: no special abilities


You were on level 3 of the Dungeon.
You were not hungry.

You visited 1 branch of the dungeon, and saw 3 of its levels.

You collected 74 gold pieces.

Inventory:

Hand Weapons
 a - a +0 long sword
 s - a +2 short sword of electrocution (weapon)
Missiles
 d - 3 throwing nets (quivered)
Armour
 b - a +0 leather armour (worn)
 c - a +0 helmet
 h - a +2 hat (worn)
Jewellery
 w - a ring of poison resistance (left hand)
Scrolls
 g - 4 scrolls of identify {unknown}
 i - a scroll of fog {unknown}
 k - 4 scrolls of remove curse
 l - a scroll of enchant armour {unknown}
 m - a scroll of magic mapping {unknown}
 n - a scroll of teleportation {unknown}
 q - a scroll of blinking {unknown}
 u - a scroll of enchant weapon {unknown}
Potions
 e - 2 potions of degeneration {unknown}
 j - a potion of resistance {unknown}
 o - 2 potions of curing {unknown}
 p - a potion of cancellation {unknown}
 t - a potion of heal wounds {unknown}
 v - a potion of lignification {unknown}
Comestibles
 f - 8 rations


   Skills:
 + Level 2.4 Fighting
 + Level 0.2(2.5) Short Blades
 + Level 4.1 Long Blades
 + Level 1.9 Throwing
 + Level 1.1 Armour
 + Level 3.3 Dodging
 + Level 0.2 Stealth


You had 3 spell levels left.
You didn't know any spells.
Your spell library was empty.

Dungeon Overview and Level Annotations

Branches:
Dungeon (3/15)

Altars:
The Shining One

Annotations:
D:3 Sigmund


Innate Abilities, Weirdness & Mutations

You have large cloven feet.
Your flesh is heat resistant. (rF+)


Message History

Sigmund is moderately wounded.
Sigmund closely misses you.
You closely miss Sigmund. Your kick misses Sigmund.
Sigmund is moderately wounded.
Sigmund hits you with a +0 scythe.
* * * LOW HITPOINT WARNING * * *
You hit Sigmund.
Sigmund is moderately wounded.
You closely miss Sigmund. You kick Sigmund.
Sigmund is moderately wounded.
Sigmund misses you.
You hit Sigmund. Your kick misses Sigmund.
Sigmund is heavily wounded.
Sigmund points at you and mumbles some strange words.
The magic dart hits you.
* * * LOW HITPOINT WARNING * * *
You puncture Sigmund! You kick Sigmund.
Sigmund is severely wounded.
Sigmund hits you with a +0 scythe.
You die...

.. ##.. #.. #... #.## ...
...# #.. #### #.. #.. # .#
... #.##.# #.. ... #..#.#
#.# #.#
#####.<.###.#####..#####..)
##..(..........@@...........
))..#####....(.#########...
##.######...<...)######..##
.......)).######.).#....<.##
...#####.#########@........#
.### ##.#<...# #........$.
## ##....##.## #.......... #
##....###..###..........
#..#######.##...........


You could see Sigmund.

Vanquished Creatures
  An orc priest (D:3)
  An orc wizard (D:3)
  A gnoll (D:3)
  An adder (D:3)
  An ooze (D:1)
  2 worms (D:2)
  3 leopard geckos
  6 orcs (D:3)
  3 giant cockroaches
  7 goblins
  5 hobgoblins
  4 bats
  5 frilled lizards
  2 kobolds
42 creatures vanquished.

Notes
Turn   | Place    | Note
-------+----------+-------------------------------------------
     0 | D:1      | Derp the Demonspawn Gladiator began the quest for the Orb.
     0 | D:1      | Reached XP level 1. HP: 16/16 MP: 1/1
    30 | D:1      | Reached skill level 3 in Long Blades
   129 | D:1      | Gained mutation: You have large cloven feet. [demonic
                  | ancestry]
   129 | D:1      | Reached XP level 2. HP: 16/22 MP: 2/2
   574 | D:2      | Found a glowing golden altar of the Shining One.
   646 | D:2      | Gained mutation: Your flesh is heat resistant. (rF+)
                  | [demonic ancestry]
   646 | D:2      | Reached XP level 3. HP: 15/27 MP: 3/3
  1919 | D:3      | Reached XP level 4. HP: 33/33 MP: 4/4
  1926 | D:3      | Reached skill level 4 in Long Blades
  1926 | D:3      | Reached skill level 1 in Armour
  1976 | D:3      | Noticed Sigmund
  2004 | D:3      | Slain by Sigmund

Skill      XL: |  1  2  3  4 |
---------------+-------------+-----
Long Blades    | 3 4 |  4.1
Dodging        | 3 |  3.3
Armour         | 1 |  1.1
Fighting       | |  2.4
Short Blades   | |  0.2
Throwing       | |  1.9
Stealth        | |  0.2

Action                   |  1- 3 |  4- 6 || total
-------------------------+-------+-------++-------
Melee: Long sword        |    59 |       ||    59
       Kick              |    20 |     5 ||    25
       Short sword       |    32 |    21 ||    53
  Use: Scroll            |     1 |       ||     1
  Eat: Ration            |     1 |       ||     1
Armor: Leather armour    |    24 |     5 ||    29
Dodge: Dodged            |    69 |    20 ||    89
       Rpst.: Long sword |    12 |       ||    12
